Workbook
Name jk: #REF!
Name years_contract: [1]Kerlink!$D$5

Sheet Summary
C2: Product : | D2: IBS / DAS | J2: Tanggal P&L:
C3: Status P&L | D3: Renewal IBC
B5: Site Information | E5: Technical Information | J5: Financial Summary
B6: Site Name | D6: MSIG Building | E6: IBC | K6: Capex /antenna | M6: =M11/H7 -> 4061636.7 | O6: =M6-'IRR Approved'!F8 -> -2938363.3
B7: Address | D7: JJl. Jend. Sudirman Kav. 21 | E7: Antena PKS BM | H7: 228 | K7: Contract Period (thn) | M7: 5
B8: Area building | D8: Jakarta Selatan | E8: Antena Asset | H8: 0 | K8: Interest rate /year | M8: ='IRR Approved'!$F$4 -> 0.1
B9: Type of building | D9: Office | E9: Jumlah Pole Makro | K9: Kurs 1USD | M9: 0
B10: Status | D10: Renewal | K10: Total Revenue | M10: ='IRR Approved'!$L$26 -> 14636203950
B11: Total floor | K11: Total Capex DAS | M11: ='IRR Approved'!$L$13 -> 9.2605316e+08
B12: No of building tower | D12: 1 | E12: OPENET | K12: Total Capex CME | M12: ='IRR Approved'!$L$14 -> 0
E13: Cable FO (Core) | H13: 0 | K13: Total COGS Rent | M13: ='IRR Approved'!$L$29 -> 2.1954306e+09
E14: Cable FO (meter) | H14: 0 | K14: Total COGS Other | M14: ='IRR Approved'!$L$30+'IRR Approved'!$L$31+'IRR Approved'!$L$32 -> 1.0418102e+09
K15: IRR | M15: ='IRR Approved'!$F$50 -> 2.4016737
E16: Drop Wire (meter) | H16: 0 | K16: NPV | M16: ='IRR Approved'!$F$51 -> 9.3133926e+09
E17: OTHERS | K17: EBITDA margin | M17: ='IRR Approved'!$F$52 -> 0.77881964
K18: Payback (year) | M18: ='IRR Approved'!$F$53 -> 0.4164343
B20: Target to Achieve by Commercial: | L20: Prepared by
B21: Revenue | L21: Citra K.
B26: Approved by

Sheet IRR Approved
B1: NO : | L1: =Summary!$D$6 -> MSIG Building
B2: General Asumption
C3: Tax Rate | F3: 0.02 | J3: Rev/month - TSEL | K3: 352440000
C4: Interest Rate | F4: 0.1 | J4: Rev/month - XL | K4: 250000000
C5: SG&A | F5: 0.05 | G5: from Revenues | J5: Rev/month - IOH | K5: 320400000
C6: BHPUSO | F6: 0 | G6: from Revenues | J6: Rev/month - SF
C7: Price Adjustment after 5 year | F7: 0.1
C8: Capex per antenna | F8: 7000000
C9: Migrasi per operator | F9: 150000000
G11: Y1 | H11: Y2 | I11: Y3 | J11: Y4 | K11: Y5 | L11: Total
B12: CAPEX
B13: Total CAPEX | E13: BV 31 Dec 23 | F13: =Summary!H7 -> 228 | G13: 9.2605316e+08 | L13: =SUM(G13:K13) -> 9.2605316e+08
E14: BTS migrasi | L14: =SUM(G14:K14) -> 0
B17: IRR Calculation | G17: 2024 | H17: =G17+1 -> 2025 | I17: =H17+1 -> 2026 | J17: =I17+1 -> 2027 | K17: =J17+1 -> 2028 | L17: Total
B18: Months of Service | G18: 12 | H18: 12 | I18: 12 | J18: 12 | K18: 12
B19: % increase (decrease)
B21: Revenues
C22: Telkomsel | H22: =G22 -> 0 | I22: =H22 -> 0 | J22: =I22*(1-$F$7) -> 0 | K22: =J22 -> 0 | L22: =SUM($G22:K22) -> 0
C23: XL | G23: 150000000 | H23: =G23 -> 150000000 | I23: =H23*(1-F7) -> 135000000 | J23: =I23 -> 135000000 | K23: =J23 -> 135000000 | L23: =SUM($G23:K23) -> 705000000
C24: Openet | G24: ='revenue MSIG'!Y73 -> 2786240790 | H24: =G24 -> 2786240790 | I24: =H24 -> 2786240790 | J24: =I24 -> 2786240790 | K24: =J24 -> 2786240790 | L24: =SUM($G24:K24) -> 13931203950
L25: =SUM($G25:K25) -> 0
B26: Total Revenues | G26: =SUM(G22:G25) -> 2936240790 | H26: =SUM(H22:H25) -> 2936240790 | I26: =SUM(I22:I25) -> 2921240790 | J26: =SUM(J22:J25) -> 2921240790 | K26: =SUM(K22:K25) -> 2921240790 | L26: =SUM(L22:L25) -> 14636203950 | M26: =SUM(G26:K26)-L26 -> 0
B28: OPEX
C29: Lease to BM | F29: rev share 15%dari revenue | G29: =G26*15% -> 4.4043612e+08 | H29: =H26*15% -> 4.4043612e+08 | I29: =I26*15% -> 4.3818612e+08 | J29: =J26*15% -> 4.3818612e+08 | K29: =K26*15% -> 4.3818612e+08 | L29: =SUM($G29:K29) -> 2.1954306e+09
C30: Electricity | G30: =PARAMETER!B50 -> 48000000 | H30: =G30 -> 48000000 | I30: =H30 -> 48000000 | J30: =I30 -> 48000000 | K30: =J30 -> 48000000 | L30: =SUM($G30:K30) -> 240000000
C31: Maintenance (RPM) | G31: =IF(G22>0,COUNTIF(G22:G25,">0")*7000000, IF(G23>0,COUNTIF(G22:G25,">0")*7000000, IF(G24>0,COUNTIF(G22:G25,">0")*7000000, IF(G25>0,COUNTIF(G22:G25,">0")*7000000,0)))) -> 14000000 | H31: =IF(H22>0,COUNTIF(H22:H25,">0")*7000000, IF(H23>0,COUNTIF(H22:H25,">0")*7000000, IF(H24>0,COUNTIF(H22:H25,">0")*7000000, IF(H25>0,COUNTIF(H22:H25,">0")*7000000,0)))) -> 14000000 | I31: =IF(I22>0,COUNTIF(I22:I25,">0")*7000000, IF(I23>0,COUNTIF(I22:I25,">0")*7000000, IF(I24>0,COUNTIF(I22:I25,">0")*7000000, IF(I25>0,COUNTIF(I22:I25,">0")*7000000,0)))) -> 14000000 | J31: =IF(J22>0,COUNTIF(J22:J25,">0")*7000000, IF(J23>0,COUNTIF(J22:J25,">0")*7000000, IF(J24>0,COUNTIF(J22:J25,">0")*7000000, IF(J25>0,COUNTIF(J22:J25,">0")*7000000,0)))) -> 14000000 | K31: =IF(K22>0,COUNTIF(K22:K25,">0")*7000000, IF(K23>0,COUNTIF(K22:K25,">0")*7000000, IF(K24>0,COUNTIF(K22:K25,">0")*7000000, IF(K25>0,COUNTIF(K22:K25,">0")*7000000,0)))) -> 14000000 | L31: =SUM($G31:K31) -> 70000000
C32: SG&A (inhouse resources) | G32: =$F$5*G26 -> 1.4681204e+08 | H32: =$F$5*H26 -> 1.4681204e+08 | I32: =$F$5*I26 -> 1.4606204e+08 | J32: =$F$5*J26 -> 1.4606204e+08 | K32: =$F$5*K26 -> 1.4606204e+08 | L32: =SUM($G32:K32) -> 7.318102e+08
B33: Total OPEX | G33: =SUM(G29:G32) -> 649248158 | H33: =SUM(H29:H32) -> 649248158 | I33: =SUM(I29:I32) -> 646248158 | J33: =SUM(J29:J32) -> 646248158 | K33: =SUM(K29:K32) -> 646248158 | L33: =SUM(L29:L32) -> 3237240790 | M33: =SUM(G33:K33)-L33 -> 0
B34: Total EBITDA | G34: =G26-G33 -> 2286992632 | H34: =H26-H33 -> 2286992632 | I34: =I26-I33 -> 2274992632 | J34: =J26-J33 -> 2274992632 | K34: =K26-K33 -> 2274992632 | L34: =L26-L33 -> 11398963160 | M34: =SUM(G34:K34)-L34 -> 0
B35: Ebitda margin | H35: =H34/H26 -> 0.77888457 | I35: =I34/I26 -> 0.77877614 | J35: =J34/J26 -> 0.77877614 | K35: =K34/K26 -> 0.77877614 | L35: =L34/L26 -> 0.77881964
B37: Depreciation Expense | G37: =G57 -> 1.8521063e+08 | H37: =H67 -> 1.8521063e+08 | I37: =I67 -> 1.8521063e+08 | J37: =J67 -> 1.8521063e+08 | K37: =K67 -> 1.8521063e+08 | L37: =SUM($G37:K37) -> 9.2605316e+08
B38: Total EBIT | G38: =G34-G37 -> 2.101782e+09 | H38: =H34-H37 -> 2.101782e+09 | I38: =I34-I37 -> 2.089782e+09 | J38: =J34-J37 -> 2.089782e+09 | K38: =K34-K37 -> 2.089782e+09 | L38: =L34-L37 -> 1.047291e+10 | M38: =SUM(G38:K38)-L38 -> 0
B39: Interest Expense | G39: =PARAMETER!G5 -> 21621678 | L39: =SUM($G39:K39) -> 21621678
B40: EBT | G40: =G38-G39 -> 2.0801603e+09 | H40: =H38-H39 -> 2.101782e+09 | I40: =I38-I39 -> 2.089782e+09 | J40: =J38-J39 -> 2.089782e+09 | K40: =K38-K39 -> 2.089782e+09 | L40: =SUM($G40:K40) -> 1.0451288e+10 | M40: =SUM(G40:K40)-L40 -> 0
B41: Tax Expense | G41: =IF(G40<0,0,G40*$F$3) -> 41603206 | H41: =IF(H40<0,0,H40*$F$3) -> 42035640 | I41: =IF(I40<0,0,I40*$F$3) -> 41795640 | J41: =IF(J40<0,0,J40*$F$3) -> 41795640 | K41: =IF(K40<0,0,K40*$F$3) -> 41795640 | L41: =SUM($G41:K41) -> 2.0902577e+08
B42: Net Income | G42: =G40-G41 -> 2.0385571e+09 | H42: =H40-H41 -> 2.0597464e+09 | I42: =I40-I41 -> 2.0479864e+09 | J42: =J40-J41 -> 2.0479864e+09 | K42: =K40-K41 -> 2.0479864e+09 | L42: =L40-L41 -> 1.0242263e+10 | M42: =SUM(G42:K42)-L42 -> 0
B44: Capex | F44: =-G13+-G14 -> -9.2605316e+08 | G44: 0 | H44: 0 | I44: 0 | J44: 0 | K44: 0 | L44: =SUM($G$44:K44) -> 0
B45: FCFF | F45: =F44 -> -9.2605316e+08 | G45: =G44+G42+G37 -> 2.2237677e+09 | H45: =H44+H42+H37 -> 2.244957e+09 | I45: =I44+I42+I37 -> 2.233197e+09 | J45: =J44+J42+J37 -> 2.233197e+09 | K45: =K44+K42+K37 -> 2.233197e+09 | L45: =SUM($F$45:K45) -> 1.0242263e+10
B46: Accumulated FCF | F46: =E46+F45 -> -9.2605316e+08 | G46: =F46+G45 -> 1.2977146e+09 | H46: =G46+H45 -> 3.5426716e+09 | I46: =H46+I45 -> 5.7758686e+09 | J46: =I46+J45 -> 8.0090656e+09 | K46: =J46+K45 -> 1.0242263e+10
B47: PBP | G47: =IF(AND(F46<0,G46>0),H55-(G46/G45),0) -> 0.4164343 | H47: =IF(AND(G46<0,H46>0),I55-(H46/H45),0) -> 0 | I47: =IF(AND(H46<0,I46>0),J55-(I46/I45),0) -> 0 | J47: =IF(AND(I46<0,J46>0),K55-(J46/J45),0) -> 0 | K47: =IF(AND(J46<0,K46>0),#REF!-(K46/K45),0) -> 0
B50: IRR | F50: =IRR(F45:K45) -> 2.4016737
B51: NPV | F51: =NPV(F4,H45:K45)+G45 -> 9.3133926e+09
B52: EBITDA margin | F52: =L35 -> 0.77881964
B53: Payback | F53: =SUM(G47:K47) -> 0.4164343
H55: 1 | I55: 2 | J55: 3 | K55: 4
B56: Depreciation Calculation | E56: no of Year depreciated | G56: =G17 -> 2024 | H56: =H17 -> 2025 | I56: =I17 -> 2026 | J56: =J17 -> 2027 | K56: =K17 -> 2028 | L56: Total
D57: Year 1 | E57: 5 | G57: =G13/E57 -> 1.8521063e+08 | H57: =(G$13+G14)/$E57 -> 1.8521063e+08 | I57: =H57 -> 1.8521063e+08 | J57: =I57 -> 1.8521063e+08 | K57: =J57 -> 1.8521063e+08 | L57: =SUM($G57:K57) -> 9.2605316e+08
D58: Year 2 | E58: 4 | I58: =I14/E58 -> 0 | J58: =I58 -> 0 | K58: =J58 -> 0 | L58: =SUM($G58:K58) -> 0
D59: Year 3 | E59: 3 | J59: =J14/$E59 -> 0 | K59: =J59 -> 0 | L59: =SUM($G59:K59) -> 0
D60: Year 4 | E60: 2 | K60: =K14/$E60 -> 0 | L60: =SUM($G60:K60) -> 0
D61: Year 5 | E61: 1 | L61: =SUM($G61:K61) -> 0
D62: Year 6 | E62: 5 | L62: =SUM($G62:K62) -> 0
D63: Year 7 | E63: 4 | L63: =SUM($G63:K63) -> 0
D64: Year 8 | E64: 3 | L64: =SUM($G64:K64) -> 0
D65: Year 9 | E65: 2 | L65: =SUM($G65:K65) -> 0
D66: Year 10 | E66: 1 | L66: =SUM($G66:K66) -> 0
B67: Total Depreciation | G67: =SUM(G57:G66) -> 1.8521063e+08 | H67: =SUM(H57:H66) -> 1.8521063e+08 | I67: =SUM(I57:I66) -> 1.8521063e+08 | J67: =SUM(J57:J66) -> 1.8521063e+08 | K67: =SUM(K57:K66) -> 1.8521063e+08 | L67: =SUM(L57:L66) -> 9.2605316e+08

Sheet PARAMETER
B1: 2019 | C1: 2020 | D1: 2021 | E1: 2022 | F1: 2023 | G1: 2024 | H1: 2025 | I1: 2026 | J1: 2027 | K1: Year 10
A2: loan | B2: 2.1621678e+09 | C2: =$B$2-$B$4 -> 1.7297342e+09 | D2: =$C$2-$B$4 -> 1.2973007e+09 | E2: =$D$2-$B$4 -> 8.6486712e+08 | F2: =$E$2-$B$4 -> 4.3243356e+08 | G2: =$F$2-$B$4 -> 0 | H2: =$G$2-$B$4 -> -4.3243356e+08 | I2: =$H$2-$B$4 -> -8.6486712e+08 | J2: =$I$2-$B$4 -> -1.2973007e+09 | K2: =$J$2-$B$4 -> -1.7297342e+09
A3: Period (thn) | B3: 5
A4: Installment/thn | B4: =$B$2/$B$3 -> 4.3243356e+08
A5: Interest | B5: =(($B$2*'IRR Approved'!$F$4)*6)/12 -> 1.0810839e+08 | C5: =AVERAGE($B$2:$C$2)*'IRR Approved'!$F$4 -> 1.945951e+08 | D5: =AVERAGE($C$2:$D$2)*'IRR Approved'!$F$4 -> 1.5135175e+08 | E5: =AVERAGE($D$2:$E$2)*'IRR Approved'!$F$4 -> 1.0810839e+08 | F5: =AVERAGE($E$2:$F$2)*'IRR Approved'!$F$4 -> 64865034 | G5: =AVERAGE($F$2:$G$2)*'IRR Approved'!$F$4 -> 21621678 | H5: =AVERAGE($G$2:$H$2)*'IRR Approved'!$F$4 -> -21621678 | I5: =AVERAGE($H$2:$I$2)*'IRR Approved'!$F$4 -> -64865034 | J5: =AVERAGE($I$2:$J$2)*'IRR Approved'!$F$4 -> -1.0810839e+08 | K5: =AVERAGE($J$2:$K$2)*'IRR Approved'!$F$4 -> -1.5135175e+08
A10: SG&A | B10: 50000000 | C10: =B10+C11 -> 51000000 | D10: =C10+D12 -> 52020000 | E10: =D10+E12 -> 53060400 | F10: =E10+F12 -> 54121608 | G10: =F10+G12 -> 55204040 | H10: =G10+H12 -> 56308121 | I10: =H10+I12 -> 57434283 | J10: =I10+J12 -> 58582969 | K10: =J10+K12 -> 59754628
A11: 0.02 | C11: =C12 -> 1000000 | D11: =C11+D12 -> 2020000 | E11: =D11+E12 -> 3060400 | F11: =E11+F12 -> 4121608 | G11: =F11+G12 -> 5204040.2 | H11: =G11+H12 -> 6308121 | I11: =H11+I12 -> 7434283.4 | J11: =I11+J12 -> 8582969.1 | K11: =J11+K12 -> 9754628.4
C12: =B10*$A$11 -> 1000000 | D12: =C10*$A$11 -> 1020000 | E12: =D10*$A$11 -> 1040400 | F12: =E10*$A$11 -> 1061208 | G12: =F10*$A$11 -> 1082432.2 | H12: =G10*$A$11 -> 1104080.8 | I12: =H10*$A$11 -> 1126162.4 | J12: =I10*$A$11 -> 1148685.7 | K12: =J10*$A$11 -> 1171659.4
F17: person | G17: trip | H17: kamar | I17: Days by Omni | J17: Biaya walktest inhouse/visit | K17: Biaya walktest inhouse/thn
E18: Diisikan | F18: 1 | G18: 1 | H18: 1 | I18: 266
B19: Transport | C19: Pesawat | D19: =C30 -> 3000000 | E19: person | F19: =F18 -> 1 | J19: =F19*D19 -> 3000000
C20: Bandara | D20: 600000 | E20: person | F20: =F18 -> 1 | I20: =IF($I$10<=120,2,IF($I$10>220,4,3)) -> 4 | J20: =D20*F20 -> 600000
C21: Transport | D21: 200000 | E21: Trip | G21: =G18 -> 1 | J21: =G21*D21 -> 200000
B22: Hotel | C22: Hotel | D22: 450000 | E22: kamar | F22: =F18 -> 1 | H22: =H18 -> 1 | I22: =IF($I$10<=120,2,IF($I$10>220,4,3)) -> 4 | J22: =H22*D22*I22 -> 1800000
B23: Uang Saku | C23: Uang Saku | D23: 120000 | E23: person | F23: =F18 -> 1 | I23: =IF($I$10<=120,2,IF($I$10>220,4,3)) -> 4 | J23: =I23*D23*F23 -> 480000
J24: =SUM(J19:J23) -> 6080000 | K24: =J24*2 -> 12160000
B28: PM/Year/Site | C28: Pesawat | E28: Asumsi:
A29: Sulut | B29: 16800000 | C29: 4000000 | E29: Walktest 4x dalam setahun semua operator sekaligus
A30: Makasar | C30: 3000000 | E30: Walktest pertama oleh vendor | I30: 10000000
A31: Bali | B31: 15600000 | C31: 2500000 | E31: Walktest pertama oleh vendor | H31: Pekanbaru | I31: 12000000
A32: Jatim | B32: 15000000 | C32: 2000000 | E32: Walktest pertama oleh vendor | H32: Sumut | I32: 14000000
A33: Jateng | B33: 15000000 | C33: 1850000 | E33: Walktest pertama oleh vendor | H33: Sulsel | I33: 14000000
A34: Jabar | B34: 12000000 | C34: 1200000 | E34: Walktest pertama oleh vendor | H34: Sulut | I34: 17000000
A35: Kalimantan | B35: 16800000 | C35: 2000000 | E35: Walktest pertama oleh vendor | H35: Kalimantan | I35: 14000000
A36: Sumatera | B36: 15720000 | C36: 3500000
A37: Palembang | C37: 2800000
A38: Jabodetabek | B38: 0 | C38: 0 | D38: Inhouse
B40: CM /Year/Oprt
B41: 7000000 | D41: =B41/12 -> 583333.33
A46: LISTRIK
A47: Listrik/Oprt/year DAS+1Pole 3sektor
A48: 0-100 | B48: 36000000
A49: 101-200 | B49: 42000000
A50: 201- | B50: 48000000 | C50: =B50/12 -> 4000000
A52: Listrik/Oprt/year DAS+2Pole 6sektor
A53: 0-200 | B53: 75000000
A54: 201- | B54: 95000000

Sheet revenue MSIG
A1: No | B1: Site | C1: ISP / Operator | D1: Tenant | E1: Bandwitdh | F1: WO Create | G1: Contract Period | H1: Biaya Installasi | I1: Biaya Bulanan | J1: On Service | K1: Remark | M1: Jan | N1: Feb | O1: Mar | P1: Apr | Q1: May | R1: Jun | S1: Jul | T1: Aug | U1: Sep | V1: Oct | W1: Nov | X1: Dec | Y1: TOTAL
A2: 1 | B2: MSIG | C2: PT.Diginet/DKLS | D2: Unicharm Lt.42 | E2: Metro E 15 Mbps | G2: 26 Juli 2017 - 25 Juli 2020 | I2: 5250000 | J2: 42942 | L2: 0.5 | M2: =$I2*$L2 -> 2625000 | N2: =$I2*$L2 -> 2625000 | O2: =$I2*$L2 -> 2625000 | P2: =$I2*$L2 -> 2625000 | Q2: =$I2*$L2 -> 2625000 | R2: =$I2*$L2 -> 2625000 | S2: =$I2*$L2 -> 2625000 | T2: =$I2*$L2 -> 2625000 | ... X2: =$I2*$L2 -> 2625000 | Y2: =SUM(M2:X2) -> 31500000
A3: 2 | B3: MSIG | C3: Moratelindo | D3: PT. ABK Coal | E3: Internet Bandwidth 10 Mbps | G3: 11 September 2018- 10 September 2020 | J3: 43354 | K3: DISMANTLE tgl 31 maret 2020 | L3: 0.5
A4: 3 | B4: MSIG | C4: Moratelindo | D4: PT. Berau Coal | E4: Internet Bandwidth 100 Mbps | G4: 18 Januari 2019 - 29 Februari 2020 | J4: 43483 | K4: DISMANTLE tgl 29 Februari 2020 | L4: 0.5
A5: 4 | B5: MSIG | C5: Moratelindo | D5: PT. Sinarmas Sentra Cipta / PT. Smart Tbk | E5: Link internet (2 X 50 Mbps) & Link Leased Line (2 X 500 Mbps) | G5: 1 desember 2017 - 30 November 2020 | I5: 16500000 | J5: 43070 | L5: 0.5 | M5: =$I5*$L5 -> 8250000 | N5: =$I5*$L5 -> 8250000 | O5: =$I5*$L5 -> 8250000 | P5: =$I5*$L5 -> 8250000 | Q5: =$I5*$L5 -> 8250000 | R5: =$I5*$L5 -> 8250000 | S5: =$I5*$L5 -> 8250000 | T5: =$I5*$L5 -> 8250000 | ... X5: =$I5*$L5 -> 8250000 | Y5: =SUM(M5:X5) -> 99000000
A6: 5 | B6: MSIG | C6: Moratelindo | D6: PT. Smartfren (telephony)-Link BSD-MSIG | E6: 4 Mbps | G6: 6 November 2017 - 5 November 2020 | I6: 200000 | J6: 43045 | L6: 0.5 | M6: =$I6*$L6 -> 100000 | N6: =$I6*$L6 -> 100000 | O6: =$I6*$L6 -> 100000 | P6: =$I6*$L6 -> 100000 | Q6: =$I6*$L6 -> 100000 | R6: =$I6*$L6 -> 100000 | S6: =$I6*$L6 -> 100000 | T6: =$I6*$L6 -> 100000 | ... X6: =$I6*$L6 -> 100000 | Y6: =SUM(M6:X6) -> 1200000
A7: 6 | B7: MSIG | C7: Moratelindo | D7: PT. Mitsui Sumitomo | E7: Metro E 1 Mbps | G7: 14 Februari 2018 -13 Februari 2020 | J7: 43145 | K7: DISMANTLE 28 jul 19 | L7: 0.5
A8: 7 | B8: MSIG | C8: Moratelindo | D8: PT. Gunung Inti Sempurna | E8: Internet Bandwidth10 Mbps | G8: 8 Februari 2018 - 7 Februari 2020 | I8: 7500000 | J8: 43139 | K8: Upgrade 01 nov 19 | L8: 0.5 | M8: =$I8*$L8 -> 3750000 | N8: =$I8*$L8 -> 3750000 | O8: =$I8*$L8 -> 3750000 | P8: =$I8*$L8 -> 3750000 | Q8: =$I8*$L8 -> 3750000 | R8: =$I8*$L8 -> 3750000 | S8: =$I8*$L8 -> 3750000 | T8: =$I8*$L8 -> 3750000 | ... X8: =$I8*$L8 -> 3750000 | Y8: =SUM(M8:X8) -> 45000000
A9: 8 | B9: MSIG | C9: Moratelindo | D9: PT.Bhineka Life Indonesia | E9: 10Mbps metro M | G9: 20 Februari 2018 - 19 Februari 2020 | I9: 2000000 | J9: 43151 | K9: Upgrade 01 agustus 19 | L9: 0.5
A10: 9 | B10: MSIG | C10: Moratelindo | D10: PT. Exploitasi Energi Indonesia | E10: 25 Mbps Internet, Telephony 2 Mbps | G10: 26 Februari 2018 - 25 Februari 2020 | I10: 12500000 | J10: 43157 | K10: DISMANTLE 30 April 2022 | L10: 0.5
A11: 10 | B11: MSIG | C11: Moratelindo | D11: PT. XL Axiata | E11: leased Line 75 Mbps | G11: 19 Maret 2018 - 18 Maret 2019 | I11: 9250000 | J11: 43178 | L11: 0.5 | M11: =$I11*$L11 -> 4625000 | N11: =$I11*$L11 -> 4625000 | O11: =$I11*$L11 -> 4625000 | P11: =$I11*$L11 -> 4625000 | Q11: =$I11*$L11 -> 4625000 | R11: =$I11*$L11 -> 4625000 | S11: =$I11*$L11 -> 4625000 | T11: =$I11*$L11 -> 4625000 | ... X11: =$I11*$L11 -> 4625000 | Y11: =SUM(M11:X11) -> 55500000
A12: 11 | B12: MSIG | C12: Moratelindo | D12: PT. Telkom-Exploitasi Energi Indonesia | E12: Local Loop 2 Mbps | G12: 14 Februari 2018 -13 Februari 2020 | I12: 1500000 | J12: 43145 | L12: 0.5
A13: 12 | B13: MSIG | C13: Moratelindo | D13: PT.Telkom-Berau Coal | E13: 30 Mbps IPVN, 2 Mbps Telephony | G13: 15 Feb 2018 - 14 Feb 2020 | I13: 13500000 | J13: 43146 | L13: 0.5
A14: 13 | B14: MSIG | C14: Moratelindo | D14: PT. Bumi Serpong Damai | E14: Metro E-5 Mbps | G14: 21 Mei 2018 - 20 Mei 2020 | I14: 4000000 | J14: 43241 | L14: 0.5 | M14: =$I14*$L14 -> 2000000 | N14: =$I14*$L14 -> 2000000 | O14: =$I14*$L14 -> 2000000 | P14: =$I14*$L14 -> 2000000 | Q14: =$I14*$L14 -> 2000000 | R14: =$I14*$L14 -> 2000000 | S14: =$I14*$L14 -> 2000000 | T14: =$I14*$L14 -> 2000000 | ... X14: =$I14*$L14 -> 2000000 | Y14: =SUM(M14:X14) -> 24000000
A15: 14 | B15: MSIG | C15: Moratelindo | D15: PT.Primatata-Berau Coal | E15: Metro E - 50Mbps | G15: 17 Mei 2018 - 16 Mei 2020 | I15: 12500000 | J15: 43237 | L15: 0.5 | M15: =$I15*$L15 -> 6250000 | N15: =$I15*$L15 -> 6250000 | O15: =$I15*$L15 -> 6250000 | P15: =$I15*$L15 -> 6250000 | Q15: =$I15*$L15 -> 6250000 | R15: =$I15*$L15 -> 6250000 | S15: =$I15*$L15 -> 6250000 | T15: =$I15*$L15 -> 6250000 | ... X15: =$I15*$L15 -> 6250000 | Y15: =SUM(M15:X15) -> 75000000
A16: 15 | B16: MSIG | C16: Moratelindo | D16: PT. Purwadika | E16: Internet Bandwidth 10 Mbps | G16: 4 Juni 2018 - 3 Juni 2020 | J16: 43255 | K16: DISMANTLE tgl 30 juni 2019 | L16: 0.5
A17: 16 | B17: MSIG | C17: Moratelindo | D17: HKT Global | E17: 1 Gbps Dedicated | G17: 27 Jan 2020 - 26 Jan 2021 | I17: 49198215 | J17: 43857 | K17: Upgrade Per 19 Oktober 2022 | L17: 0.5 | M17: =$I17*$L17 -> 24599108 | N17: =$I17*$L17 -> 24599108 | O17: =$I17*$L17 -> 24599108 | P17: =$I17*$L17 -> 24599108 | Q17: =$I17*$L17 -> 24599108 | R17: =$I17*$L17 -> 24599108 | S17: =$I17*$L17 -> 24599108 | T17: =$I17*$L17 -> 24599108 | ... X17: =$I17*$L17 -> 24599108 | Y17: =SUM(M17:X17) -> 295189290
A18: 17 | B18: MSIG | C18: PT. Insan Sarana Telematika (IsatNet ) | D18: Unicharm lt.42 | E18: Leased Line15 Mbps | G18: 05 Juli 2018 - 04 Juli 2020 | I18: 5000000 | J18: 43286 | L18: 0.5 | M18: =$I18*$L18 -> 2500000 | N18: =$I18*$L18 -> 2500000 | O18: =$I18*$L18 -> 2500000 | P18: =$I18*$L18 -> 2500000 | Q18: =$I18*$L18 -> 2500000 | R18: =$I18*$L18 -> 2500000 | S18: =$I18*$L18 -> 2500000 | T18: =$I18*$L18 -> 2500000 | ... X18: =$I18*$L18 -> 2500000 | Y18: =SUM(M18:X18) -> 30000000
A19: 18 | B19: MSIG | C19: Smartfren | D19: PT. Berau Coal -Smartfren | E19: 100 Mbps | G19: 21 Feb 2020 - 20 Feb 2021 | I19: 18500000 | J19: 43882 | L19: 0.5 | M19: =$I19*$L19 -> 9250000 | N19: =$I19*$L19 -> 9250000 | O19: =$I19*$L19 -> 9250000 | P19: =$I19*$L19 -> 9250000 | Q19: =$I19*$L19 -> 9250000 | R19: =$I19*$L19 -> 9250000 | S19: =$I19*$L19 -> 9250000 | T19: =$I19*$L19 -> 9250000 | ... X19: =$I19*$L19 -> 9250000 | Y19: =SUM(M19:X19) -> 111000000
A20: 19 | B20: MSIG | C20: My Reps | D20: PT. Bhineka Life Indonesia | E20: 50 Mbps | G20: 23 Jan 2018 - 22 Jan 2020 | I20: 14000000 | J20: 43123 | L20: 0.5 | M20: =$I20*$L20 -> 7000000 | N20: =$I20*$L20 -> 7000000 | O20: =$I20*$L20 -> 7000000 | P20: =$I20*$L20 -> 7000000 | Q20: =$I20*$L20 -> 7000000 | R20: =$I20*$L20 -> 7000000 | S20: =$I20*$L20 -> 7000000 | T20: =$I20*$L20 -> 7000000 | ... X20: =$I20*$L20 -> 7000000 | Y20: =SUM(M20:X20) -> 84000000
A21: 20 | B21: MSIG | C21: My Reps | D21: MSIG Insurance | E21: 100 Mbps& 1 Mbps | G21: 14 des 2015 -13 des 2020 | I21: 1000000 | J21: 42352 | L21: 0.5 | M21: =$I21*$L21 -> 500000 | N21: =$I21*$L21 -> 500000 | O21: =$I21*$L21 -> 500000 | P21: =$I21*$L21 -> 500000 | Q21: =$I21*$L21 -> 500000 | R21: =$I21*$L21 -> 500000 | S21: =$I21*$L21 -> 500000 | T21: =$I21*$L21 -> 500000 | ... X21: =$I21*$L21 -> 500000 | Y21: =SUM(M21:X21) -> 6000000
A22: 21 | B22: MSIG | C22: My Reps | D22: PT. Sinarmas | E22: 64 Kbps | G22: 2 Maret 2016 - 2 Maret 2020 | I22: 300000 | J22: 42431 | K22: Dismantle Jan 23 | L22: 0.5
A23: 22 | B23: MSIG | C23: My Reps | D23: PT. XL Axiata | E23: 128 Kbps | G23: 27 Jan 2017 - 26 Jan 2020 | I23: 200000 | J23: 42762 | L23: 0.5 | M23: =$I23*$L23 -> 100000 | N23: =$I23*$L23 -> 100000 | O23: =$I23*$L23 -> 100000 | P23: =$I23*$L23 -> 100000 | Q23: =$I23*$L23 -> 100000 | R23: =$I23*$L23 -> 100000 | S23: =$I23*$L23 -> 100000 | T23: =$I23*$L23 -> 100000 | ... X23: =$I23*$L23 -> 100000 | Y23: =SUM(M23:X23) -> 1200000
A24: 23 | B24: MSIG | C24: Bali Fiber | D24: Family Mart | E24: 2 Mbps | G24: 24 Mei 2018 - 23 Mei 2020 | I24: 1000000 | J24: 43244 | L24: 0.5 | M24: =$I24*$L24 -> 500000 | N24: =$I24*$L24 -> 500000 | O24: =$I24*$L24 -> 500000 | P24: =$I24*$L24 -> 500000 | Q24: =$I24*$L24 -> 500000 | R24: =$I24*$L24 -> 500000 | S24: =$I24*$L24 -> 500000 | T24: =$I24*$L24 -> 500000 | ... X24: =$I24*$L24 -> 500000 | Y24: =SUM(M24:X24) -> 6000000
A25: 24 | B25: MSIG | C25: Bali Fiber | D25: We Work | E25: 200 Mbps | G25: 20 Sept 2018 - 19 Sept 2020 | I25: 26000000 | J25: 43363 | L25: 0.5 | M25: =$I25*$L25 -> 13000000 | N25: =$I25*$L25 -> 13000000 | O25: =$I25*$L25 -> 13000000 | P25: =$I25*$L25 -> 13000000 | Q25: =$I25*$L25 -> 13000000 | R25: =$I25*$L25 -> 13000000 | S25: =$I25*$L25 -> 13000000 | T25: =$I25*$L25 -> 13000000 | ... X25: =$I25*$L25 -> 13000000 | Y25: =SUM(M25:X25) -> 156000000
A26: 25 | B26: MSIG | C26: Bali Fiber | D26: PT. Purwadhika Kirana Nusantara | E26: 100 Mbps broadband | G26: 1 Nov 2018 - 31 Oktober 2020 | I26: 1150000 | J26: 43405 | L26: 0.5 | M26: =$I26*$L26 -> 575000 | N26: =$I26*$L26 -> 575000 | O26: =$I26*$L26 -> 575000 | P26: =$I26*$L26 -> 575000 | Q26: =$I26*$L26 -> 575000 | R26: =$I26*$L26 -> 575000 | S26: =$I26*$L26 -> 575000 | T26: =$I26*$L26 -> 575000 | ... X26: =$I26*$L26 -> 575000 | Y26: =SUM(M26:X26) -> 6900000
A27: 26 | B27: MSIG | C27: Bali Fiber | D27: PT. Purwadhika Kirana Nusantara | E27: 25 Mbps | G27: 1 Nov 2018 - 31 Oktober 2020 | I27: 1500000 | J27: 43405 | L27: 0.5 | M27: =$I27*$L27 -> 750000 | N27: =$I27*$L27 -> 750000 | O27: =$I27*$L27 -> 750000 | P27: =$I27*$L27 -> 750000 | Q27: =$I27*$L27 -> 750000 | R27: =$I27*$L27 -> 750000 | S27: =$I27*$L27 -> 750000 | T27: =$I27*$L27 -> 750000 | ... X27: =$I27*$L27 -> 750000 | Y27: =SUM(M27:X27) -> 9000000
A28: 27 | B28: MSIG | C28: Bali Fiber | D28: PT. Purwadhika Kirana Nusantara | E28: 35 Mbps | G28: 16 Agust 2019 - 17 Agust 2020 | I28: 1500000 | J28: 43693 | L28: 0.5 | M28: =$I28*$L28 -> 750000 | N28: =$I28*$L28 -> 750000 | O28: =$I28*$L28 -> 750000 | P28: =$I28*$L28 -> 750000 | Q28: =$I28*$L28 -> 750000 | R28: =$I28*$L28 -> 750000 | S28: =$I28*$L28 -> 750000 | T28: =$I28*$L28 -> 750000 | ... X28: =$I28*$L28 -> 750000 | Y28: =SUM(M28:X28) -> 9000000
A29: 28 | B29: MSIG | C29: Bali Fiber | D29: PT. Gunung Inti Sempurna | E29: 25 Mbps | G29: 16 Des 2018 - 15 Des 2019 | J29: 43450 | K29: DISMANTLE 11 Nov 19 | L29: 0.5
A30: 29 | B30: MSIG | C30: Bali Fiber | D30: Guardian | E30: 25 Mbps broadband | G30: 01 Okt 2018 - 30 Sept 2020 | I30: 375000 | J30: 43374 | L30: 0.5 | M30: =$I30*$L30 -> 187500 | N30: =$I30*$L30 -> 187500 | O30: =$I30*$L30 -> 187500 | P30: =$I30*$L30 -> 187500 | Q30: =$I30*$L30 -> 187500 | R30: =$I30*$L30 -> 187500 | S30: =$I30*$L30 -> 187500 | T30: =$I30*$L30 -> 187500 | ... X30: =$I30*$L30 -> 187500 | Y30: =SUM(M30:X30) -> 2250000
A31: 30 | B31: MSIG | C31: Bali Fiber | D31: PT. SGMW Multifinance Indonesia | E31: 30 Mbps dedicated | G31: 01 Januari 2019 - 31 Desember 2020 | I31: 4500000 | J31: 43466 | K31: Dismantle | L31: 0.5
A32: 31 | B32: MSIG | C32: Bali Fiber | D32: PT. Festival Citra Lestari | E32: Up to 250 Mbps | G32: 01 Maret 2019 - 28 Februari 2020 | I32: 2750000 | J32: 43525 | L32: 0.5 | M32: =$I32*$L32 -> 1375000 | N32: =$I32*$L32 -> 1375000 | O32: =$I32*$L32 -> 1375000 | P32: =$I32*$L32 -> 1375000 | Q32: =$I32*$L32 -> 1375000 | R32: =$I32*$L32 -> 1375000 | S32: =$I32*$L32 -> 1375000 | T32: =$I32*$L32 -> 1375000 | ... X32: =$I32*$L32 -> 1375000 | Y32: =SUM(M32:X32) -> 16500000
A33: 32 | B33: MSIG | C33: Bali Fiber | D33: PT. Sinarmas Sentra Cipta | E33: Braodband 100 Mbps | G33: 13 Desember 2019 - 12 Desember 2020 | I33: 1400000 | J33: 43812 | L33: 0.5 | M33: =$I33*$L33 -> 700000 | N33: =$I33*$L33 -> 700000 | O33: =$I33*$L33 -> 700000 | P33: =$I33*$L33 -> 700000 | Q33: =$I33*$L33 -> 700000 | R33: =$I33*$L33 -> 700000 | S33: =$I33*$L33 -> 700000 | T33: =$I33*$L33 -> 700000 | ... X33: =$I33*$L33 -> 700000 | Y33: =SUM(M33:X33) -> 8400000
A34: 33 | B34: MSIG | C34: Lintasarta | D34: HKT Global | E34: 1 Gbps Dedicated | G34: 12 Bulan | I34: 50186250 | J34: 44048 | K34: Upgrade 14 September 2022 | L34: 0.5 | M34: =$I34*$L34 -> 25093125 | N34: =$I34*$L34 -> 25093125 | O34: =$I34*$L34 -> 25093125 | P34: =$I34*$L34 -> 25093125 | Q34: =$I34*$L34 -> 25093125 | R34: =$I34*$L34 -> 25093125 | S34: =$I34*$L34 -> 25093125 | T34: =$I34*$L34 -> 25093125 | ... X34: =$I34*$L34 -> 25093125 | Y34: =SUM(M34:X34) -> 301117500
A35: 34 | B35: MSIG | C35: Bali Fiber | D35: PT Momo Boga Sejahtera | E35: Smartlink Up to 25 Mbps | G35: 12 Bulan | I35: 750000 | J35: 44866 | K35: Dismantle | L35: 0.5
A36: 35 | B36: MSIG | C36: Bali Fiber | D36: PT Indosat Tbk (Yamaha Otoraja) | E36: Metro-E 6 Mbps | G36: 12 Bulan | I36: 4000000 | J36: 44106 | K36: DISMANTLE 28 Feb 22 | L36: 0.5
A37: 36 | B37: MSIG | C37: Moratelindo | D37: PT Indosat Tbk (Yamaha Otoraja) | E37: 4 Mbps | G37: 12 Bulan | I37: 4300000 | J37: 44085 | K37: 11 Maret 2022 | L37: 0.5
A38: 37 | B38: MSIG | C38: Bali Fiber | D38: PT. Bhinneka Life Indonesia | E38: Smartlink Up to 100 Mbps | G38: 24 Bulan | I38: 2300000 | J38: 44147 | K38: Downgrade 1 October 2021 | L38: 0.5 | M38: =$I38*$L38 -> 1150000 | N38: =$I38*$L38 -> 1150000 | O38: =$I38*$L38 -> 1150000 | P38: =$I38*$L38 -> 1150000 | Q38: =$I38*$L38 -> 1150000 | R38: =$I38*$L38 -> 1150000 | S38: =$I38*$L38 -> 1150000 | T38: =$I38*$L38 -> 1150000 | ... X38: =$I38*$L38 -> 1150000 | Y38: =SUM(M38:X38) -> 13800000
A39: 38 | B39: MSIG | C39: Bali Fiber | D39: PT. Pyridam Farma Tbk | E39: 30 Mbps dedicated | G39: 12 Bulan | I39: 7000000 | J39: 44147 | L39: 0.5 | M39: =$I39*$L39 -> 3500000 | N39: =$I39*$L39 -> 3500000 | O39: =$I39*$L39 -> 3500000 | P39: =$I39*$L39 -> 3500000 | Q39: =$I39*$L39 -> 3500000 | R39: =$I39*$L39 -> 3500000 | S39: =$I39*$L39 -> 3500000 | T39: =$I39*$L39 -> 3500000 | ... X39: =$I39*$L39 -> 3500000 | Y39: =SUM(M39:X39) -> 42000000
A40: 39 | B40: MSIG | C40: Lintasarta | D40: PT.SINARMAS SENTRA CIPTA | E40: Internet Dedicated 100 Mbps | F40: 44265 | G40: 12 Bulan | I40: 20000000 | J40: 44365 | K40: DISMANTLE - 28 JULI 2022 | L40: 0.5
A41: 40 | B41: MSIG | C41: Lintasarta | D41: Bank BJB (KC Jakarta) | E41: IPVPN 1 Mbps | F41: 44285 | G41: 12 Bulan | I41: 1850000 | J41: 44427 | L41: 0.5 | M41: =$I41*$L41 -> 925000 | N41: =$I41*$L41 -> 925000 | O41: =$I41*$L41 -> 925000 | P41: =$I41*$L41 -> 925000 | Q41: =$I41*$L41 -> 925000 | R41: =$I41*$L41 -> 925000 | S41: =$I41*$L41 -> 925000 | T41: =$I41*$L41 -> 925000 | ... X41: =$I41*$L41 -> 925000 | Y41: =SUM(M41:X41) -> 11100000
A42: 41 | B42: MSIG | C42: Moratelindo | D42: PT ORGANON PHARMA INDONESIA | E42: 2 Mbps | F42: 44319 | G42: 12 Bulan | I42: 3200000 | J42: 44323 | L42: 0.5 | M42: =$I42*$L42 -> 1600000 | N42: =$I42*$L42 -> 1600000 | O42: =$I42*$L42 -> 1600000 | P42: =$I42*$L42 -> 1600000 | Q42: =$I42*$L42 -> 1600000 | R42: =$I42*$L42 -> 1600000 | S42: =$I42*$L42 -> 1600000 | T42: =$I42*$L42 -> 1600000 | ... X42: =$I42*$L42 -> 1600000 | Y42: =SUM(M42:X42) -> 19200000
A43: 42 | B43: MSIG | C43: Lintasarta | D43: Bank BJB (Kanwil Jakarta) | E43: IPVPN 1 Mbps | F43: 44361 | G43: 12 Bulan | I43: 3700000 | J43: 44430 | L43: 0.5 | M43: =$I43*$L43 -> 1850000 | N43: =$I43*$L43 -> 1850000 | O43: =$I43*$L43 -> 1850000 | P43: =$I43*$L43 -> 1850000 | Q43: =$I43*$L43 -> 1850000 | R43: =$I43*$L43 -> 1850000 | S43: =$I43*$L43 -> 1850000 | T43: =$I43*$L43 -> 1850000 | ... X43: =$I43*$L43 -> 1850000 | Y43: =SUM(M43:X43) -> 22200000
A44: 43 | B44: MSIG | C44: Lintasarta | D44: Bank BJB (DIVISI INT-HUB-KOM) | E44: Metro Ethernet 10 Mbps | F44: 44361 | G44: 12 Bulan | I44: 4200000 | J44: 44421 | L44: 0.5 | M44: =$I44*$L44 -> 2100000 | N44: =$I44*$L44 -> 2100000 | O44: =$I44*$L44 -> 2100000 | P44: =$I44*$L44 -> 2100000 | Q44: =$I44*$L44 -> 2100000 | R44: =$I44*$L44 -> 2100000 | S44: =$I44*$L44 -> 2100000 | T44: =$I44*$L44 -> 2100000 | ... X44: =$I44*$L44 -> 2100000 | Y44: =SUM(M44:X44) -> 25200000
A45: 44 | B45: MSIG | C45: Lintasarta | D45: Bank BJB (DIVISI TREASURY Q&Q) | E45: Metro Ethernet 2 Mbps | F45: 44361 | G45: 12 Bulan | I45: 2650000 | J45: 44421 | L45: 0.5 | M45: =$I45*$L45 -> 1325000 | N45: =$I45*$L45 -> 1325000 | O45: =$I45*$L45 -> 1325000 | P45: =$I45*$L45 -> 1325000 | Q45: =$I45*$L45 -> 1325000 | R45: =$I45*$L45 -> 1325000 | S45: =$I45*$L45 -> 1325000 | T45: =$I45*$L45 -> 1325000 | ... X45: =$I45*$L45 -> 1325000 | Y45: =SUM(M45:X45) -> 15900000
A46: 45 | B46: MSIG | C46: Lintasarta | D46: Bank BJB (DIVISI TREASURY) | E46: Metro Ethernet 10 Mbps | F46: 44361 | G46: 12 Bulan | I46: 4200000 | J46: 44424 | L46: 0.5 | M46: =$I46*$L46 -> 2100000 | N46: =$I46*$L46 -> 2100000 | O46: =$I46*$L46 -> 2100000 | P46: =$I46*$L46 -> 2100000 | Q46: =$I46*$L46 -> 2100000 | R46: =$I46*$L46 -> 2100000 | S46: =$I46*$L46 -> 2100000 | T46: =$I46*$L46 -> 2100000 | ... X46: =$I46*$L46 -> 2100000 | Y46: =SUM(M46:X46) -> 25200000
A47: 46 | B47: MSIG | C47: Bali Fiber | D47: Bank BJB (Lt.8) | E47: Smartlink 50 Mbps | F47: 44368 | G47: 12 Bulan | I47: 1500000 | J47: 44475 | K47: 41200070273 | L47: 0.5 | M47: =$I47*$L47 -> 750000 | N47: =$I47*$L47 -> 750000 | O47: =$I47*$L47 -> 750000 | P47: =$I47*$L47 -> 750000 | Q47: =$I47*$L47 -> 750000 | R47: =$I47*$L47 -> 750000 | S47: =$I47*$L47 -> 750000 | T47: =$I47*$L47 -> 750000 | ... X47: =$I47*$L47 -> 750000 | Y47: =SUM(M47:X47) -> 9000000
A48: 47 | B48: MSIG | C48: Moratelindo | D48: Bank BJB (Lt.8) | E48: 12 Mbps | F48: 44371 | G48: 12 Bulan | I48: 3000000 | J48: 44429 | L48: 0.5 | M48: =$I48*$L48 -> 1500000 | N48: =$I48*$L48 -> 1500000 | O48: =$I48*$L48 -> 1500000 | P48: =$I48*$L48 -> 1500000 | Q48: =$I48*$L48 -> 1500000 | R48: =$I48*$L48 -> 1500000 | S48: =$I48*$L48 -> 1500000 | T48: =$I48*$L48 -> 1500000 | ... X48: =$I48*$L48 -> 1500000 | Y48: =SUM(M48:X48) -> 18000000
A49: 48 | B49: MSIG | C49: Bali Fiber | D49: Bank BJB (Lt.GF) Service 1 | E49: Smartlink 25 Mbps | F49: 44375 | G49: 12 Bulan | I49: 1000000 | J49: 44439 | K49: 41200116231 | L49: 0.5 | M49: =$I49*$L49 -> 500000 | N49: =$I49*$L49 -> 500000 | O49: =$I49*$L49 -> 500000 | P49: =$I49*$L49 -> 500000 | Q49: =$I49*$L49 -> 500000 | R49: =$I49*$L49 -> 500000 | S49: =$I49*$L49 -> 500000 | T49: =$I49*$L49 -> 500000 | ... X49: =$I49*$L49 -> 500000 | Y49: =SUM(M49:X49) -> 6000000
A50: 49 | B50: MSIG | C50: Bali Fiber | D50: Bank BJB (Lt.8) Ruang Pimpinan - Service 2 | E50: Smartlink 25 Mbps | F50: 44375 | G50: 12 Bulan | I50: 1000000 | J50: 44439 | K50: 41200116231 | L50: 0.5 | M50: =$I50*$L50 -> 500000 | N50: =$I50*$L50 -> 500000 | O50: =$I50*$L50 -> 500000 | P50: =$I50*$L50 -> 500000 | Q50: =$I50*$L50 -> 500000 | R50: =$I50*$L50 -> 500000 | S50: =$I50*$L50 -> 500000 | T50: =$I50*$L50 -> 500000 | ... X50: =$I50*$L50 -> 500000 | Y50: =SUM(M50:X50) -> 6000000
A51: 50 | B51: MSIG | C51: Bali Fiber | D51: Bank BJB (Lt.8) Ruang Rapat - Service 3 | E51: Smartlink 50 Mbps | F51: 44375 | G51: 12 Bulan | I51: 1250000 | J51: 44439 | K51: 41200116231 | L51: 0.5 | M51: =$I51*$L51 -> 625000 | N51: =$I51*$L51 -> 625000 | O51: =$I51*$L51 -> 625000 | P51: =$I51*$L51 -> 625000 | Q51: =$I51*$L51 -> 625000 | R51: =$I51*$L51 -> 625000 | S51: =$I51*$L51 -> 625000 | T51: =$I51*$L51 -> 625000 | ... X51: =$I51*$L51 -> 625000 | Y51: =SUM(M51:X51) -> 7500000
A52: 51 | B52: MSIG | C52: Bali Fiber | D52: Bank BJB (Lt.8) Ruang Umum - Service 4 | E52: Smartlink 25 Mbps | F52: 44375 | G52: 12 Bulan | I52: 1000000 | J52: 44439 | K52: 41200116231 | L52: 0.5 | M52: =$I52*$L52 -> 500000 | N52: =$I52*$L52 -> 500000 | O52: =$I52*$L52 -> 500000 | P52: =$I52*$L52 -> 500000 | Q52: =$I52*$L52 -> 500000 | R52: =$I52*$L52 -> 500000 | S52: =$I52*$L52 -> 500000 | T52: =$I52*$L52 -> 500000 | ... X52: =$I52*$L52 -> 500000 | Y52: =SUM(M52:X52) -> 6000000
A53: 52 | B53: MSIG | C53: Bali Fiber | D53: Bank BJB (Lt.8) Ruang Operasional - Service 5 | E53: Smartlink 50 Mbps | F53: 44375 | G53: 12 Bulan | I53: 1250000 | J53: 44439 | K53: 41200116231 | L53: 0.5 | M53: =$I53*$L53 -> 625000 | N53: =$I53*$L53 -> 625000 | O53: =$I53*$L53 -> 625000 | P53: =$I53*$L53 -> 625000 | Q53: =$I53*$L53 -> 625000 | R53: =$I53*$L53 -> 625000 | S53: =$I53*$L53 -> 625000 | T53: =$I53*$L53 -> 625000 | ... X53: =$I53*$L53 -> 625000 | Y53: =SUM(M53:X53) -> 7500000
A54: 53 | B54: MSIG | C54: Bali Fiber | D54: Bank BJB (Lt.8) Ruang Warpincab - Service 6 | E54: Smartlink 25 Mbps | F54: 44375 | G54: 12 Bulan | I54: 1000000 | J54: 44439 | K54: 41200116231 | L54: 0.5 | M54: =$I54*$L54 -> 500000 | N54: =$I54*$L54 -> 500000 | O54: =$I54*$L54 -> 500000 | P54: =$I54*$L54 -> 500000 | Q54: =$I54*$L54 -> 500000 | R54: =$I54*$L54 -> 500000 | S54: =$I54*$L54 -> 500000 | T54: =$I54*$L54 -> 500000 | ... X54: =$I54*$L54 -> 500000 | Y54: =SUM(M54:X54) -> 6000000
A55: 54 | B55: MSIG | C55: Lintasarta | D55: We Work | E55: 200 Mbps | F55: 44396 | G55: 12 Bulan | I55: 14900000 | J55: 44435 | L55: 0.5 | M55: =$I55*$L55 -> 7450000 | N55: =$I55*$L55 -> 7450000 | O55: =$I55*$L55 -> 7450000 | P55: =$I55*$L55 -> 7450000 | Q55: =$I55*$L55 -> 7450000 | R55: =$I55*$L55 -> 7450000 | S55: =$I55*$L55 -> 7450000 | T55: =$I55*$L55 -> 7450000 | ... X55: =$I55*$L55 -> 7450000 | Y55: =SUM(M55:X55) -> 89400000
A56: 55 | B56: MSIG | C56: Bali Fiber | D56: Bank BJB (LT.9) Div Hub International | E56: Smartlink 50 Mbps | F56: 44424 | G56: 12 Bulan | I56: 1300000 | J56: 44440 | K56: 41200119401 | L56: 0.5 | M56: =$I56*$L56 -> 650000 | N56: =$I56*$L56 -> 650000 | O56: =$I56*$L56 -> 650000 | P56: =$I56*$L56 -> 650000 | Q56: =$I56*$L56 -> 650000 | R56: =$I56*$L56 -> 650000 | S56: =$I56*$L56 -> 650000 | T56: =$I56*$L56 -> 650000 | ... X56: =$I56*$L56 -> 650000 | Y56: =SUM(M56:X56) -> 7800000
A57: 56 | B57: MSIG | C57: Bali Fiber | D57: Bank BJB (LT.8) Ruang Meeting | E57: Smartlink 10 Mbps | F57: 44424 | G57: 12 Bulan | I57: 500000 | J57: 44427 | K57: 41200119516 | L57: 0.5 | M57: =$I57*$L57 -> 250000 | N57: =$I57*$L57 -> 250000 | O57: =$I57*$L57 -> 250000 | P57: =$I57*$L57 -> 250000 | Q57: =$I57*$L57 -> 250000 | R57: =$I57*$L57 -> 250000 | S57: =$I57*$L57 -> 250000 | T57: =$I57*$L57 -> 250000 | ... X57: =$I57*$L57 -> 250000 | Y57: =SUM(M57:X57) -> 3000000
A58: 57 | B58: MSIG | C58: Bali Fiber | D58: Bank BJB (LT.8) Ruang Pimpinan Divisi | E58: Smartlink 10 Mbps | F58: 44424 | G58: 12 Bulan | I58: 500000 | J58: 44441 | K58: 41200119516 | L58: 0.5 | M58: =$I58*$L58 -> 250000 | N58: =$I58*$L58 -> 250000 | O58: =$I58*$L58 -> 250000 | P58: =$I58*$L58 -> 250000 | Q58: =$I58*$L58 -> 250000 | R58: =$I58*$L58 -> 250000 | S58: =$I58*$L58 -> 250000 | T58: =$I58*$L58 -> 250000 | ... X58: =$I58*$L58 -> 250000 | Y58: =SUM(M58:X58) -> 3000000
A59: 58 | B59: MSIG | C59: Bali Fiber | D59: Bank BJB (LT.8) Ruang Kerja Karyawan | E59: Smartlink 25 Mbps | F59: 44424 | G59: 12 Bulan | I59: 750000 | J59: 44441 | K59: 41200119516 | L59: 0.5 | M59: =$I59*$L59 -> 375000 | N59: =$I59*$L59 -> 375000 | O59: =$I59*$L59 -> 375000 | P59: =$I59*$L59 -> 375000 | Q59: =$I59*$L59 -> 375000 | R59: =$I59*$L59 -> 375000 | S59: =$I59*$L59 -> 375000 | T59: =$I59*$L59 -> 375000 | ... X59: =$I59*$L59 -> 375000 | Y59: =SUM(M59:X59) -> 4500000
A60: 59 | B60: MSIG | C60: Moratelindo | D60: PT Smart Infinite Prosperity | E60: Dedicated 2 Mbps | F60: 44454 | G60: 12Bulan | I60: 4000000 | J60: 44473 | L60: 0.5 | M60: =$I60*$L60 -> 2000000 | N60: =$I60*$L60 -> 2000000 | O60: =$I60*$L60 -> 2000000 | P60: =$I60*$L60 -> 2000000 | Q60: =$I60*$L60 -> 2000000 | R60: =$I60*$L60 -> 2000000 | S60: =$I60*$L60 -> 2000000 | T60: =$I60*$L60 -> 2000000 | ... X60: =$I60*$L60 -> 2000000 | Y60: =SUM(M60:X60) -> 24000000
A61: 60 | B61: MSIG | C61: Bali Fiber | D61: Bank BJB (Lt.9) DIVISI HUBUNGAN KELEMBAGAAN | E61: Smartlink 50 Mbps | F61: 44473 | G61: 12Bulan | I61: 1300000 | J61: 44505 | L61: 0.5 | M61: =$I61*$L61 -> 650000 | N61: =$I61*$L61 -> 650000 | O61: =$I61*$L61 -> 650000 | P61: =$I61*$L61 -> 650000 | Q61: =$I61*$L61 -> 650000 | R61: =$I61*$L61 -> 650000 | S61: =$I61*$L61 -> 650000 | T61: =$I61*$L61 -> 650000 | ... X61: =$I61*$L61 -> 650000 | Y61: =SUM(M61:X61) -> 7800000
A62: 61 | B62: MSIG | C62: Bali Fiber | D62: PT. BHINNEKA LIFE INDONESIA | E62: Infinylink 5 Mbps | F62: 44491 | G62: 12Bulan | I62: 2300000 | J62: 44508 | L62: 0.5 | M62: =$I62*$L62 -> 1150000 | N62: =$I62*$L62 -> 1150000 | O62: =$I62*$L62 -> 1150000 | P62: =$I62*$L62 -> 1150000 | Q62: =$I62*$L62 -> 1150000 | R62: =$I62*$L62 -> 1150000 | S62: =$I62*$L62 -> 1150000 | T62: =$I62*$L62 -> 1150000 | ... X62: =$I62*$L62 -> 1150000 | Y62: =SUM(M62:X62) -> 13800000
A63: 62 | B63: MSIG | C63: Lintasarta | D63: Bank BJB (DIVISI TREASURY) | E63: 50 Mbps | F63: 44494 | G63: 12Bulan | I63: 7414000 | J63: 44503 | L63: 0.5 | M63: =$I63*$L63 -> 3707000 | N63: =$I63*$L63 -> 3707000 | O63: =$I63*$L63 -> 3707000 | P63: =$I63*$L63 -> 3707000 | Q63: =$I63*$L63 -> 3707000 | R63: =$I63*$L63 -> 3707000 | S63: =$I63*$L63 -> 3707000 | T63: =$I63*$L63 -> 3707000 | ... X63: =$I63*$L63 -> 3707000 | Y63: =SUM(M63:X63) -> 44484000
A64: 63 | B64: MSIG | C64: Bali Fiber | D64: PT SINAR RASA ABADI | E64: Smartlink 25 Mbps | F64: 44738 | G64: 12Bulan | I64: 750000 | J64: On Installation | L64: 0.5
A65: 64 | B65: MSIG | C65: Bali Fiber | D65: PT.PANORAMA JTB TOURS INDONESIA | E65: Smartlink 5 Mbps | F65: 44656 | G65: 24 Bulan | I65: 350000 | J65: 44671 | L65: 0.5 | M65: =$I65*$L65 -> 175000 | N65: =$I65*$L65 -> 175000 | O65: =$I65*$L65 -> 175000 | P65: =$I65*$L65 -> 175000 | Q65: =$I65*$L65 -> 175000 | R65: =$I65*$L65 -> 175000 | S65: =$I65*$L65 -> 175000 | T65: =$I65*$L65 -> 175000 | ... X65: =$I65*$L65 -> 175000 | Y65: =SUM(M65:X65) -> 2100000
A66: 65 | B66: MSIG | C66: Moratelindo | D66: Amazon Web Server 1 | E66: 100Mbps | F66: 44673 | G66: 12Bulan | I66: 28000000 | J66: 44704 | L66: 0.5 | M66: =$I66*$L66 -> 14000000 | N66: =$I66*$L66 -> 14000000 | O66: =$I66*$L66 -> 14000000 | P66: =$I66*$L66 -> 14000000 | Q66: =$I66*$L66 -> 14000000 | R66: =$I66*$L66 -> 14000000 | S66: =$I66*$L66 -> 14000000 | T66: =$I66*$L66 -> 14000000 | ... X66: =$I66*$L66 -> 14000000 | Y66: =SUM(M66:X66) -> 168000000
A67: 66 | B67: MSIG | C67: Moratelindo | D67: Amazon Web Server 2 | E67: 200Mbps, Upgrade to 2GB | F67: 44673 | G67: 12Bulan | I67: =120000000 -> 120000000 | J67: 44704 | L67: 0.5 | M67: =$I67*$L67 -> 60000000 | N67: =$I67*$L67 -> 60000000 | O67: =$I67*$L67 -> 60000000 | P67: =$I67*$L67 -> 60000000 | Q67: =$I67*$L67 -> 60000000 | R67: =$I67*$L67 -> 60000000 | S67: =$I67*$L67 -> 60000000 | T67: =$I67*$L67 -> 60000000 | ... X67: =$I67*$L67 -> 60000000 | Y67: =SUM(M67:X67) -> 720000000
A68: 67 | B68: MSIG | C68: Bali Fiber | D68: PT EXPLOITASI ENERGI INDONESIA TBK | E68: Infinylink - Local (40 Mbps), International (25 Mbps) | F68: 44719 | G68: 12Bulan | I68: 5000000 | J68: 44726 | L68: 0.5 | M68: =$I68*$L68 -> 2500000 | N68: =$I68*$L68 -> 2500000 | O68: =$I68*$L68 -> 2500000 | P68: =$I68*$L68 -> 2500000 | Q68: =$I68*$L68 -> 2500000 | R68: =$I68*$L68 -> 2500000 | S68: =$I68*$L68 -> 2500000 | T68: =$I68*$L68 -> 2500000 | ... X68: =$I68*$L68 -> 2500000 | Y68: =SUM(M68:X68) -> 30000000
A69: 68 | B69: MSIG | C69: Moratelindo | D69: We Work | E69: Metro-E 25 Mbps | F69: 44837 | G69: 12 Bulan | H69: 5000000 | I69: 14000000 | J69: Active | L69: 0.5
A70: 69 | B70: MSIG | C70: Bali Fiber | D70: PURWADHIKA KIRANA NUSANTARA PT | E70: Smartlink 250 Mbps | I70: 4000000 | L70: 0.5
A71: 70 | B71: MSIG | C71: Fibernet | D71: RUANG RAYA INDONESIA PT (Ruang Guru) | E71: 100 Mbps | F71: 45135 | H71: 3000000 | I71: 9000000 | J71: 45174 | L71: 0.5 | M71: =$I71*$L71 -> 4500000 | N71: =$I71*$L71 -> 4500000 | O71: =$I71*$L71 -> 4500000 | P71: =$I71*$L71 -> 4500000 | Q71: =$I71*$L71 -> 4500000 | R71: =$I71*$L71 -> 4500000 | S71: =$I71*$L71 -> 4500000 | T71: =$I71*$L71 -> 4500000 | ... X71: =$I71*$L71 -> 4500000 | Y71: =SUM(M71:X71) -> 54000000
A72: 71 | B72: MSIG | C72: Bali Fiber | D72: SARI MURNI ABADI | E72: Infinylink - Local - International (Mix) (150 Mbps) | F72: 45238 | H72: =2500000 -> 2500000 | I72: =11000000 -> 11000000 | L72: 0.5
M73: =SUM(M2:M71) -> 2.3218673e+08 | N73: =SUM(N2:N71) -> 2.3218673e+08 | O73: =SUM(O2:O71) -> 2.3218673e+08 | P73: =SUM(P2:P71) -> 2.3218673e+08 | Q73: =SUM(Q2:Q71) -> 2.3218673e+08 | R73: =SUM(R2:R71) -> 2.3218673e+08 | S73: =SUM(S2:S71) -> 2.3218673e+08 | T73: =SUM(T2:T71) -> 2.3218673e+08 | ... Y73: =SUM(Y2:Y71) -> 2786240790
M74: =SUBTOTAL(3,M2:M72) -> 52 | N74: =SUBTOTAL(3,N2:N72) -> 52 | O74: =SUBTOTAL(3,O2:O72) -> 52 | P74: =SUBTOTAL(3,P2:P72) -> 52 | Q74: =SUBTOTAL(3,Q2:Q72) -> 52 | R74: =SUBTOTAL(3,R2:R72) -> 52 | S74: =SUBTOTAL(3,S2:S72) -> 52 | T74: =SUBTOTAL(3,T2:T72) -> 52 | ... Y74: =SUBTOTAL(3,Y2:Y72) -> 52

Sheet Sheet2
